 Dungeon Crawl Stone Soup version 0.28-a0-909-g796cbd3a86 (webtiles) character file.

Game seed: 8052601925686252638

75404 timneilson the Blocker (level 15, 0/91 (92) HPs)
             Began as a Gargoyle Fighter on Nov 24, 2021.
             Was a High Priest of Okawaru.
             Slain by an orc wizard (2 damage)
             ... on level 2 of the Orcish Mines.
             The game lasted 02:17:15 (18299 turns).

timneilson the Blocker (Gargoyle Fighter)          Turns: 18299, Time: 02:17:17

HP:   0/91 (92)     AC: 40    Str: 29    XL:     15   Next: 50%
MP:   15/21         EV: 11    Int:  9    God:    Okawaru [*****.]
Gold: 2118          SH: 19    Dex:  9    Spells: 14/14 levels left

rFire   + . .      SeeInvis .   B - +4 scimitar (flame)
rCold   . . .      Faith    .   A - +0 tower shield
rNeg    + . .      Spirit   .   e - +1 plate armour "Jaeq" {Regen+}
rPois   ∞          Reflect  .   j - +1 helmet
rElec   +          Harm     .   i - +1 cloak
rCorr   +          Rampage  .   H - +0 pair of gloves {Str+3}
Will    +....                   (no boots)
Stlth   ..........              E - amulet of regeneration
HPRegen 2.25/turn               y - ring of resist corrosion
MPRegen 0.17/turn               u - ring of protection from fire

@: about to teleport, heroic, finesse-ful, flying, studying Crossbows, lightly
drained
A: sickness immunity, AC +11, big wings, negative energy resistance 1,
electricity resistance, torment resistance 1, petrification resistance,
iridescent scales 1, sturdy frame 1
a: Renounce Religion, Heroism, Finesse, Duel


You were on level 2 of the Orcish Mines.
You worshipped Okawaru.
Okawaru was extremely pleased with you.
You visited 4 branches of the dungeon, and saw 21 of its levels.
You also visited: Ossuary.

You collected 2118 gold pieces.

Inventory:

Hand Weapons
 m - a +2 scimitar of freezing
 B - a +4 scimitar of flaming (weapon)
Armour
 e - the +1 plate armour "Jaeq" (worn) {Regen+}
   (You acquired it on level 1 of the Dungeon)

   Regen:     It increases your rate of health regeneration.
 i - a +1 cloak (worn)
 j - a +1 helmet (worn)
 A - a +0 tower shield (worn)
 H - a +0 pair of gloves of strength (worn)
Jewellery
 k - a ring of positive energy
 u - a ring of protection from fire (right hand)
 y - a ring of resist corrosion (left hand)
 E - an amulet of regeneration (around neck)
 G - a ring of protection from cold
Wands
 d - a wand of paralysis (9)
 l - a wand of flame (47)
 v - a wand of iceblast (25)
 z - a wand of acid (34)
 F - a wand of polymorph (7)
Scrolls
 a - 2 scrolls of amnesia
 g - 8 scrolls of teleportation
 w - 2 scrolls of magic mapping
 C - a scroll of enchant armour
Potions
 b - a potion of ambrosia {unknown}
 c - 3 potions of degeneration {unknown}
 f - 2 potions of cancellation
 h - 4 potions of lignification
 o - 6 potions of curing
 p - a potion of brilliance {unknown}
 q - 3 potions of attraction
 r - 3 potions of heal wounds {unknown}
 s - 4 potions of flight
 t - 5 potions of mutation
 x - 4 potions of haste


   Skills:
 + Level 10.3(15.3) Fighting
 * Level 11.7(16.7) Long Blades
 * Level 13.9(18.9) Armour
 + Level 7.5(12.5) Dodging
 * Level 13.9(18.9) Shields
 + Level 9.0 Invocations
 + Level 7.7 Evocations


You had 14 spell levels left.
You didn't know any spells.
Your spell library contained the following spells:

 Spells                   Type           Power      Damage    Failure   Level
 Slow                     Hex            0%         N/A       96%         1
 Scorch                   Fire           0%         2d5       99%         2
 Confusing Touch          Hex            0%         N/A       100%        3
 Ozocubu's Armour         Ice            0%         N/A       100%        3
 Portal Projectile        Hex/Tloc       0%         N/A       100%        3
 Vampiric Draining        Necr           0%         2d6       100%        3
 Flame Wave               Conj/Fire      0%         3d3       100%        4
 Leda's Liquefaction      Hex/Erth       0%         N/A       100%        4
 Blade Hands              Tmut           0%         N/A       100%        5
 Irradiate                Conj/Tmut      0%         3d13      100%        5
 Metabolic Englaciation   Hex/Ice        0%         N/A       100%        5
 Eringya's Noxious Bog    Tmut/Pois      0%         N/A       100%        6
 Dragon Form              Tmut           0%         N/A       100%        7
 Call Canine Familiar     Summ           Unusable   N/A       N/A         3
 Summon Forest            Summ/Tloc      Unusable   N/A       N/A         5
 Simulacrum               Ice/Necr       Unusable   N/A       N/A         6
 Summon Cactus Giant      Summ           Unusable   N/A       N/A         6
 Summon Hydra             Summ           Unusable   N/A       N/A         7

Dungeon Overview and Level Annotations

Branches:
Dungeon (12/15)            Temple (1/1) D:5            Lair (6/6) D:11
  Swamp (0/4) Lair:2        Snake (0/4) Lair:2        Slime (0/5) Lair:5
    Orc (2/2) D:9             Elf (0/3) Orc:2       Ossuary (visited)

Altars:
Ashenzari
Cheibriados
Dithmenos
Elyvilon
Fedhas
Gozag
Kikubaaqudgha
Makhleb
Nemelex Xobeh
Okawaru
Qazlal
Ru
Sif Muna
Trog
Uskayaw
Vehumet
Wu Jian
Xom
Yredelemnul
Zin
The Shining One
Jiyva

Shops:
D:8 :


Innate Abilities, Weirdness & Mutations

You are immune to sickness and miasma.
Your stone body is resilient. (AC +11)
You are immune to poison.
Your large and strong wings let you fly.
You resist negative energy. (rN+)
You are resistant to electric shocks. (rElec)
You are resistant to unholy torment.
You are immune to petrification.
You are partially covered in iridescent scales. (AC +2)
Your movements are slightly less encumbered by armour. (ER -2)


Message History

You block the orc knight's attack. You block the orc warrior's attack.
You hear some strange, mumbled words.
You are confused.
You barely miss something.
The orc high priest mumbles some strange prayers to Beogh.
The orc warrior completely misses you.
You're too confused to move!
The orange demon disappears in a puff of smoke!
The orc warrior closely misses you.
The orc knight hits you but does no damage.
The orc warrior hits you but does no damage.
Something hits you but does no damage.
The orc high priest hits you but does no damage.
The orc warrior hits you from afar with a +0 glaive.
You bump into the rock wall.
The orc warrior hits you but does no damage.
The orc knight roars a battlecry!
The orc warrior goes into a battle-frenzy!
The orc warrior hits you with a +0 halberd!
* * * LOW HITPOINT WARNING * * *
Something hits you but does no damage.
The orc high priest hits you with a +0 trident.
* * * LOW HITPOINT WARNING * * *
The orc warrior barely misses you.
You feel better. You block the orc warrior's attack.
The orc knight hits you with a +0 war axe.
The orc warrior hits you but does no damage.
Something hits you but does no damage.
The orc high priest invokes the aid of Beogh against you.
Beogh smites you!
* * * LOW HITPOINT WARNING * * *
You block the orc warrior's attack.
As you read the scroll of teleportation, it crumbles to dust.
You feel strangely unstable. You block the sixfirhy's attack. x2
The sixfirhy hits you but does no damage.
You block the orc warrior's attack.
The orc knight hits you with a +0 war axe!
* * * LOW HITPOINT WARNING * * *
You block the orc warrior's attack. Something hits you.
You die...

.................)...##
....................#.##
.......................#
..........#...<)......##
..................)....##.
................).).......
................44)....##.
....#..........oo{....##
...............3@#).###
................ooo..#
#................)..##
....................#
....................#
..#................##
.#...........##...##
.#............##..##
...............#...#


You could see an orc knight (strong), an orc high priest (strong), a hellwing
(summoned), a sixfirhy (summoned), a chaos spawn (summoned) and 3 orc warriors.

Vanquished Creatures
  Nessos (D:12)
  Azrael (D:12)
  Snorg (Orc:2)
  The ghost of Desusah the Arsonist, a journeyman DrCA of Ignis (Lair:2)
  13 hydras
  A catoblepas (Lair:6)
  A boulder beetle (D:11)
  2 centaur warriors (D:10)
  A death knight (D:10)
  3 two-headed ogres
  A tengu warrior (D:10)
  2 orc high priests (Orc:2)
  5 slime creatures
  Nergalle (Lair:1)
  2 goliath frogs (Lair:6)
  A deep elf pyromancer (D:12)
  3 orc knights
  4 orc sorcerers (Orc:2)
  An ugly thing (D:12)
  2 cyclopes (D:12)
  10 elephants
  5 black mambas
  19 cane toads
  A gargoyle (D:12)
  4 rime drakes
  8 komodo dragons
  A komodo dragon (shapeshifter) (D:10)
  3 kobold demonologists
  2 trolls
  2 tyrant leeches
  A polar bear (Lair:6)
  Prince Ribbit (D:9)
  A hornet (D:9)
  Grinder (D:3)
  28 blink frogs
  12 dream sheep
  52 yaks
  2 shadows
  3 wraiths
  2 fire elementals (D:12)
  5 wyverns
  8 basilisks
  18 vampire mosquitoes
  4 wargs
  5 nagas (Lair:2)
  3 acid dragons
  19 water moccasins
  3 hell hounds (D:12)
  3 ice beasts
  14 orc warriors
  2 black bears
  A sky beast (D:8)
  A boggart (D:10)
  9 ogres
  4 wolves (Lair:3)
  10 centaurs
  24 kobold brigands
  2 elf zombies (Ossuary)
  18 bullfrogs
  A gnoll sergeant (D:9)
  3 scorpions
  10 killer bees
  10 wights
  An electric eel (Lair:6)
  11 centaur zombies
  2 howler monkeys
  16 orc priests
  3 jellies (Lair:2)
  A gnoll shaman (D:10)
  2 hounds
  6 human zombies (Ossuary)
  Terence (D:3)
  3 centaur skeletons (D:7)
  5 iguanas
  Natasha (thrice) (D:3)
  23 orc wizards
  8 hell rats (Lair:4)
  3 mummies (Ossuary)
  2 howler monkey zombies (D:10)
  A howler monkey skeleton (D:7)
  8 gnolls
  7 river rats (Lair:4)
  5 adders
  2 shadow imps (D:6)
  An adder skeleton (D:5)
  5 worms
  3 dart slugs
  55 orcs
  6 endoplasms
  A giant cockroach (D:2)
  5 hobgoblins
  16 kobolds
  A quokka (D:4)
  7 ball pythons
  5 bats
  2 frilled lizards (D:1)
  4 goblins
  6 rats
612 creatures vanquished.

Vanquished Creatures (others)
  A slime creature (D:12)
  An orc (Orc:2)
  48 fungi
  114 plants
164 creatures vanquished.

Grand Total: 776 creatures vanquished

Notes
Turn   | Place    | Note
-------+----------+-------------------------------------------
     0 | D:1      | timneilson the Gargoyle Fighter began the quest for the
                  | Orb.
     0 | D:1      | Reached XP level 1. HP: 14/14 MP: 1/1
    42 | D:1      | Reached XP level 2. HP: 17/19 MP: 2/2
   616 | D:1      | Found a faded altar of an unknown god.
   715 | D:1      | Identified a scroll of acquirement
   715 | D:1      | Acquired the +1 plate armour "Jaeq" {Regen+}
   784 | D:2      | Reached XP level 3. HP: 18/23 MP: 3/3
   990 | D:2      | Reached XP level 4. HP: 28/28 MP: 4/4
  1738 | D:3      | Noticed Natasha
  1742 | D:3      | Killed Natasha
  1743 | D:3      | Reached skill level 1 in Dodging
  1743 | D:3      | Reached XP level 5. HP: 33/33 MP: 5/5
  1937 | D:3      | Found a bloodstained altar of Trog.
  2046 | D:3      | Found a sacrificial altar of Ru.
  2089 | D:3      | Noticed Terence
  2100 | D:3      | Killed Terence
  2168 | D:3      | Noticed Grinder
  2172 | D:3      | Paralysed by Grinder for 3 turns
  2188 | D:3      | Killed Grinder
  2189 | D:3      | Reached XP level 6. HP: 20/38 MP: 6/6
  2340 | D:3      | Noticed Natasha
  2355 | D:3      | Killed Natasha
  2356 | D:3      | Reached skill level 5 in Shields
  2703 | D:3      | Noticed Natasha
  2708 | D:3      | Killed Natasha
  2972 | D:4      | Reached skill level 5 in Armour
  2979 | D:4      | Reached XP level 7. HP: 43/43 MP: 7/7
  3018 | D:4      | Found an ancient bone altar of Kikubaaqudgha.
  3442 | D:5      | Entered Level 5 of the Dungeon
  3450 | D:5      | Reached skill level 1 in Evocations
  3453 | D:5      | Reached XP level 8. HP: 48/48 MP: 8/8
  3453 | D:5      | Found a staircase to the Ecumenical Temple.
  3470 | Temple   | Entered the Ecumenical Temple
  3651 | Temple   | Became a worshipper of Warmaster Okawaru
  3812 | D:5      | Found a sand-covered staircase.
  3819 | Ossuary  | Entered an ossuary
  3858 | Ossuary  | Reached skill level 1 in Invocations
  3938 | Ossuary  | Reached * piety under Okawaru
  3939 | Ossuary  | Reached skill level 5 in Fighting
  4205 | D:5      | Found a shimmering altar of Xom.
  4662 | D:6      | Reached skill level 5 in Long Blades
  4698 | D:6      | Reached XP level 9. HP: 48/54 MP: 10/10
  4759 | D:6      | Reached ** piety under Okawaru
  5073 | D:6      | Found a sparkling altar of Nemelex Xobeh.
  6748 | D:8      | Reached *** piety under Okawaru
  6891 | D:8      | Found a glowing golden altar of the Shining One.
  6918 | D:8      | Found Qogicr Fyowu's Book Boutique.
  7083 | D:8      | Found a glowing silver altar of Zin.
  7145 | D:9      | Found a snail-covered altar of Cheibriados.
  7201 | D:9      | Reached XP level 10. HP: 50/60 MP: 12/12
  7262 | D:9      | Noticed Prince Ribbit
  7282 | D:9      | Killed Prince Ribbit
  7506 | D:9      | Found a staircase to the Orcish Mines.
  7678 | D:9      | You fall into a shaft and drop 3 floors!
  7678 | D:12     | Noticed a gargoyle
  7691 | D:12     | Killed a gargoyle
  7719 | D:11     | Noticed a kobold demonologist
  7722 | D:11     | Killed a kobold demonologist
  7727 | D:11     | Reached **** piety under Okawaru
  7828 | D:11     | Reached XP level 11. HP: 52/66 MP: 14/14
  7983 | D:11     | Noticed a two-headed ogre
  7998 | D:11     | Killed a two-headed ogre
  8024 | D:10     | Entered Level 10 of the Dungeon
  8090 | D:10     | Noticed a two-headed ogre
  8106 | D:10     | Killed a two-headed ogre
  8106 | D:10     | Received a gift from Okawaru
  8149 | D:10     | Gained mutation: Your body sometimes deteriorates upon
                  | taking damage. [a neqoxec]
  8192 | D:10     | Reached skill level 5 in Invocations
  8590 | D:9      | Reached ***** piety under Okawaru
  9255 | D:10     | Noticed a death knight
  9258 | D:10     | Reached skill level 10 in Shields
  9272 | D:10     | Noticed a tengu warrior
  9301 | D:10     | Killed a death knight
  9302 | D:10     | Reached skill level 10 in Armour
  9302 | D:10     | Reached skill level 5 in Evocations
  9366 | D:10     | Reached XP level 12. HP: 70/72 MP: 16/16
  9381 | D:10     | Reached skill level 5 in Dodging
  9415 | D:10     | Received a gift from Okawaru
  9534 | D:10     | Noticed a centaur warrior
  9537 | D:10     | Noticed a centaur warrior
  9551 | D:10     | Killed a centaur warrior
  9560 | D:10     | Killed a centaur warrior
  9660 | D:10     | Noticed a sun demon
  9815 | D:10     | Killed a tengu warrior
  9815 | D:10     | Received a gift from Okawaru
  9908 | D:10     | Found a basalt altar of Yredelemnul.
 10151 | D:11     | Found a staircase to the Lair.
 10298 | D:11     | Noticed a boulder beetle
 10317 | D:11     | Killed a boulder beetle
 10516 | D:11     | Identified the +1 robe of Chimes {Stlth+}
 10997 | D:12     | Noticed a two-headed ogre
 11007 | D:12     | Killed a two-headed ogre
 11077 | D:12     | Received a gift from Okawaru
 11102 | D:12     | Reached XP level 13. HP: 53/79 MP: 12/17
 11114 | D:12     | Noticed Azrael
 11132 | D:12     | Killed Azrael
 11222 | D:12     | Noticed Nessos
 11257 | D:12     | Killed Nessos
 11593 | Lair:1   | Entered Level 1 of the Lair of Beasts
 11757 | Lair:1   | Received a gift from Okawaru
 12216 | Lair:1   | Noticed Nergalle
 12226 | Lair:1   | Killed Nergalle
 12226 | Lair:1   | Received a gift from Okawaru
 12434 | Lair:2   | Found a runed translucent gate.
 12434 | Lair:2   | Found a runed translucent gate.
 12434 | Lair:2   | Found a runed translucent gate.
 12437 | Lair:2   | Noticed Desusah's ghost (journeyman DrCA)
 12441 | Lair:2   | Found a viscous altar of Jiyva.
 12558 | Lair:2   | Identified the +7 ring mail of the Guardian {Harm Slay+3
                  | SInv} (Okawaru gifted it to you on level 2 of the Lair of
                  | Beasts)
 12558 | Lair:2   | Received a gift from Okawaru
 12559 | Lair:2   | Reached skill level 10 in Long Blades
 12644 | Lair:2   | Found a staircase to the Swamp.
 12758 | Lair:2   | Found a staircase to the Snake Pit.
 13313 | Lair:3   | You fall into a shaft and drop 2 floors!
 13719 | Lair:3   | Gained mutation: Your large and strong wings let you fly.
                  | [Gargoyle growth]
 13719 | Lair:3   | Reached XP level 14. HP: 70/86 MP: 19/19
 13927 | Lair:3   | Lost mutation: Your body sometimes deteriorates upon taking
                  | damage. [potion of mutation]
 13927 | Lair:3   | Gained mutation: Your movements are slightly less
                  | encumbered by armour. (ER -2) [potion of mutation]
 13927 | Lair:3   | Gained mutation: You are partially covered in iridescent
                  | scales. (AC +2) [potion of mutation]
 15375 | Lair:5   | Found a viscous altar of Jiyva.
 15375 | Lair:5   | Found a staircase to the Slime Pits.
 15935 | Lair:6   | Entered Level 6 of the Lair of Beasts
 16190 | Lair:6   | Received a gift from Okawaru
 16561 | Lair:6   | Reached XP level 15. HP: 88/92 MP: 21/21
 16650 | Lair:6   | Received a gift from Okawaru
 16663 | Lair:6   | Reached skill level 10 in Fighting
 17433 | Lair:2   | Killed Desusah's ghost
 17596 | Orc:1    | Entered Level 1 of the Orcish Mines
 17769 | Orc:2    | Entered Level 2 of the Orcish Mines
 18049 | Orc:2    | Found a staircase to the Elven Halls.
 18122 | Orc:2    | Noticed Snorg
 18133 | Orc:2    | Killed Snorg
 18299 | Orc:2    | HP: 2/91 [orc knight (17)]
 18299 | Orc:2    | Slain by an orc wizard

Illustrated notes

Levels and vault maps discovered:
D:1:      dpeg_arrival_shelter, layout_rooms, chequers_ecumenical_altar_island,
          chequers_garden, minmay_tiny_reverse_x
D:2:      layout_basic, grunt_ministairs_13, chequers_big_river
D:3:      layout_loops_corners, nicolae_ru_sacrificial_ziggurat,
          mainiacjoe_overflow_24_doors, serial_co_window_serial,
          co_window_paths_a, co_window_corner_a, co_window_corner_a,
          co_window_paths_b, co_window_paths_a, co_window_paths_c,
          co_window_unsneaky_path_b, co_window_paths_c, co_window_broadway_a,
          co_window_unsneaky_path_d, co_window_4corner_b, co_window_paths_d,
          uniq_natasha, uniq_terence, uniq_grinder
D:4:      layout_rooms, mainiacjoe_overflow_boulevard
D:5:      layout_loops_ring, mainiacjoe_overflow_small_starburst,
          minmay_temple_entry_grid, chequers_ossuary_entry_cave, minivault_27
D:6:      layout_loops_ring, nemelex_xobeh_ov_fountains_minmay, fountainhead
D:7:      layout_layer_cave
D:8:      layout_rooms, amcnicky_altar_gilded, zin_academy, serial_shops,
          nicolae_shop_advertising_works [nicolae_subvault_shop_adworks],
          grunt_decor_fettered
D:9:      layout_rooms, slow_altar_2, erik_orc_4, serial_bayou_pond_d,
          minmay_misc_feat_four_crosses, uniq_prince_ribbit1
D:10:     minmay_the_grid_3x2 [minmay_the_grid_box_x, minmay_the_grid_doors,
          minmay_the_grid_all_tris, minmay_the_grid_large_cup,
          minmay_the_grid_embedded, minmay_the_grid_prize_inner_circle],
          layout_gridville, marbit_many_paths
D:11:     layout_gridville, due_lair_maze_entry_diamond, special_room
          [special_room_kobold], nzn_sisyphean_effort
D:12:     layout_gridville, minmay_curled_crystal, uniq_nessos, uniq_azrael
Temple:   nicolae_temple_figure_eight
Lair:1:   layout_long_grid, infiniplex_staircase_pool, uniq_nergalle
Lair:2:   layout_loops_ring, swamp_mist, minmay_snake_entry_guardpost_medium,
          gammafunk_ghost_ooze, serial_bayou_shore_b
Lair:3:   layout_hall_layers, hibernation_bobbens
Lair:4:   layout_big_grid, kennysheep_rathole, grunt_megastairs_5,
          serial_bayou_shore_a
Lair:5:   layout_roguey, dpeg_slime_entry_enclosed_altar,
          kennysheep_basilisk_garden, infiniplex_staircase_pool_2
Lair:6:   minmay_lair_end_frog_pond, layout_concentric_octagons,
          chequers_serial_rivers_small_3, chequers_serial_rivers_small_3
Orc:1:    layout_caves, hellmonk_bongcloud_opening
Orc:2:    grunt_orc_tribal_feast, layout_caves, uniq_snorg

Skill      XL: |  1  2  3  4  5  6  7  8  9 10 11 12 13 14 15 |
---------------+----------------------------------------------+-----
Long Blades    | 2 3 4 5 6 7 8 9 10 11 | 11.7
Shields        | 4 5 6 7 8 10 11 12 13 | 13.9
Armour         | 4 5 6 7 8 10 11 12 13 | 13.9
Dodging        | 1 2 3 4 5 6 7 |  7.5
Fighting       | 4 5 6 7 8 9 10 | 10.3
Evocations     | 1 2 3 4 5 6 7 |  7.7
Invocations    | 1 3 4 5 6 7 8 9 |  9.0

Action                   |  1- 3 |  4- 6 |  7- 9 | 10-12 | 13-15 || total
-------------------------+-------+-------+-------+-------+-------++-------
Melee: Long sword        |    77 |   133 |   605 |  1071 |       ||  1886
       Scimitar          |       |       |       |   206 |  1368 ||  1574
Invok: Heroism           |       |       |     2 |    25 |    19 ||    46
       Finesse           |       |       |       |     7 |     9 ||    16
Evoke: Wand              |       |       |       |     5 |     1 ||     6
  Use: Scroll            |     5 |     4 |     4 |     5 |     6 ||    24
       Potion            |       |     1 |     2 |     2 |     4 ||     9
 Stab: Distracted        |       |     1 |       |       |       ||     1
Armor: Plate armour      |    43 |   114 |   362 |   994 |   773 ||  2286
       Scale mail        |    16 |       |       |       |       ||    16
Dodge: Dodged            |    24 |    44 |   218 |   568 |   345 ||  1199
Block: Buckler           |    17 |    42 |   130 |   322 |       ||   511
       Tower shield      |       |       |       |   397 |  1323 ||  1720

Table legend: (Time is in decaauts)
 A = Elapsed time spent in this place.
 B = Non-inter-level travel time spent in this place.
 C = Inter-level travel time spent in this place.
 D = Time resting spent in this place.
 E = Time spent auto-exploring this place.
 F = Levels seen in this place.
 G = Mean time per level.
                   A        B        C        D        E       F      G
               +--------+--------+--------+--------+--------+-----+--------+
         Total |  18415 |  17628 |    787 |     91 |  11116 |  22 |  837.0 |
       Dungeon |  11288 |  10866 |    422 |     59 |   7006 |  12 |  940.7 |
        Temple |    208 |    188 |     20 |      0 |    177 |   1 |  208.0 |
          Lair |   5970 |   5626 |    344 |     32 |   3601 |   6 |  995.0 |
  Orcish Mines |    645 |    645 |      0 |      0 |    289 |   2 |  322.5 |
       Ossuary |    303 |    303 |      0 |      0 |     42 |   1 |  303.0 |
               +--------+--------+--------+--------+--------+-----+--------+

Top non-repeatable levels by time:
    D:10: 1480 daAuts
     D:3: 1350 daAuts
    D:11: 1273 daAuts
     D:7: 1223 daAuts
  Lair:6: 1209 daAuts
     D:9: 1079 daAuts
  Lair:2: 1078 daAuts
  Lair:4: 989 daAuts
  Lair:5: 984 daAuts
     D:2: 936 daAuts
  Lair:3: 903 daAuts
  Lair:1: 804 daAuts
     D:1: 760 daAuts
     D:6: 753 daAuts
     D:5: 749 daAuts
